 Dungeon Crawl Stone Soup version 0.32-a0-932-g546787307d (webtiles) character file.

Game seed: 6019663826475038807

20122 Gargoyl the Cleaver (level 12, 0/117 HPs)
             Began as a Gargoyle Berserker on Apr 14, 2024.
             Was an Elder of Trog.
             Slain by a freezing wraith (23 damage)
             ... on level 13 of the Dungeon.
             The game lasted 00:16:50 (12117 turns).

Gargoyl the Cleaver (Gargoyle Berserker)           Turns: 12117, Time: 00:16:50

Health: 0/117      AC: 38    Str: 30    XL:     12   Next: 76%
Magic:  12/12      EV:  6    Int:  6    God:    Trog [****..]
Gold:   602        SH:  0    Dex: 12    Spells: 11/11 levels left

rFire   . . .        v - +5 battleaxe
rCold   . . .        (shield currently unavailable)
rNeg    + + .        i - +1 crystal plate armour of Rotation {Str+3}
rPois   ∞            F - +2 hat
rElec   +            H - +2 cloak
rCorr   +            u - +1 pair of gloves
SInv    .            (no boots)
Will    .....        D - amulet of the acrobat Stlth
                     y - ring of flight
HPRegen 0.39/turn    I - ring "Erghituth" {rN+ rCorr}
MPRegen 0.13/turn

%: acrobat, clarity
@: berserking, flying, slowed
A: sickness immunity, AC +8, negative energy resistance 1, electricity
resistance, torment resistance 1, petrification resistance, camouflage 1,
clarity, strong 1, noise suppression
a: Renounce Religion, Berserk, Trog's Hand, Brothers in Arms


You were on level 13 of the Dungeon.
You worshipped Trog.
Trog was greatly pleased with you.
You visited 1 branch of the dungeon, and saw 13 of its levels.

You collected 905 gold pieces.
You spent 303 gold pieces at shops.

Inventory:

Hand Weapons
 a - a +0 hand axe
 n - a +0 spear
 o - a +0 war axe
 r - a +2 dire flail of holy wrath
 v - a +5 battleaxe (weapon)
Missiles
 h - 32 poisoned darts (quivered)
 q - 5 throwing nets
Armour
 i - the +1 crystal plate armour of Rotation (worn) {Str+3}
   (You acquired it on level 7 of the Dungeon)

   Str+3:     It affects your strength (+3).
 u - a +1 pair of gloves (worn)
 F - a +2 hat (worn)
 H - a +2 cloak (worn)
Jewellery
 y - a ring of flight (left hand)
 D - an amulet of the acrobat (around neck)
 I - the ring "Erghituth" (right hand) {rN+ rCorr}
   (You found it on level 11 of the Dungeon)

   [ring of positive energy]

   rN+:       It protects you from negative energy.
   rCorr:     It protects you from acid and corrosion.
 J - the amulet of the Sheltering Traitor {Reflect rElec rC+ Str-4 Slay+3 SH+5}
   (You found it on level 11 of the Dungeon)

   [amulet of reflection]

   Reflect:   It reflects blocked missile attacks.
   Str-4:     It affects your strength (-4).
   Slay+3:    It affects your accuracy & damage with ranged weapons and melee
   (+3).
   rC+:       It protects you from cold.
   rElec:     It insulates you from electricity.
   SH+5:      It affects your SH (+5).
Wands
 e - a wand of iceblast (7)
 j - a wand of light (6)
 m - a wand of paralysis (15)
 p - a wand of flame (33)
 G - a wand of mindburst (11)
Scrolls
 f - 6 scrolls of blinking
 k - 3 scrolls of teleportation
 s - 2 scrolls of poison
 C - 2 scrolls of enchant armour
 E - a scroll of immolation
 L - a scroll of revelation
Potions
 b - a potion of haste
 c - 6 potions of might
 d - 3 potions of curing
 g - a potion of attraction
 l - 2 potions of mutation
 t - 2 potions of berserk rage
 w - a potion of ambrosia
 x - 3 potions of enlightenment
 z - a potion of invisibility
 A - 2 potions of resistance {unknown}
 K - a potion of lignification {unknown}
Miscellaneous
 B - a phantom mirror


   Skills:
 + Level 10.5 Fighting
 + Level 14.4 Axes
 + Level 11.0 Armour
 + Level 3.2 Dodging
 + Level 2.4 Stealth


You had 11 spell levels left.
You didn't know any spells.
Your spell library was empty.

Dungeon Overview and Level Annotations

Branches:
Dungeon (13/15)            Temple (0/1) D:5            Lair (0/5) D:10
    Orc (0/2) D:11
 Vaults: D:13-14

Altars:
Elyvilon
Fedhas
Hepliaklqana
Kikubaaqudgha
Nemelex Xobeh
Qazlal
Ru
Sif Muna
Trog
Uskayaw
Vehumet
Yredelemnul
Zin
The Shining One
Beogh

Shops:
D:2 *   D:3 *   D:4 (   D:10 ?   D:11 :   D:12 !


Innate Abilities, Weirdness & Mutations

You are immune to sickness and miasma.
Your stone body is resilient. (AC +8)
You are immune to poison.
You resist negative energy. (rN+)
You are resistant to electric shocks. (rElec)
You are resistant to unholy torment.
You are immune to petrification.
Your skin changes colour to match your surroundings (Stealth+).
You possess an exceptional clarity of mind.
Your muscles are strong. (Str +4, Int/Dex -1)
You passively dampen the noise of your surroundings.


Message History

The freezing wraith completely misses you.
The freezing wraith hits you but does no damage.
You hit the freezing wraith.
The freezing wraith is lightly damaged.
The freezing wraith hits you but does no damage. x2
You slash the freezing wraith!
The freezing wraith is moderately damaged.
The freezing wraith hits you but does no damage. x2
You closely miss the freezing wraith.
The freezing wraith is moderately damaged.
The freezing wraith hits you but does no damage.
The freezing wraith hits you. The freezing wraith drains your vigour!
You feel yourself slow down.
You hit the freezing wraith but do no damage.
The freezing wraith is moderately damaged.
The freezing wraith hits you but does no damage. x2
You slash the freezing wraith!
The freezing wraith is heavily damaged.
The freezing wraith hits you! The freezing wraith freezes you!!
The freezing wraith hits you.
The freezing wraith hits you but does no damage. x2
You hit the freezing wraith but do no damage.
The freezing wraith is heavily damaged.
The freezing wraith hits you but does no damage. x2
You hit the freezing wraith but do no damage.
The freezing wraith is heavily damaged.
The freezing wraith hits you but does no damage.
The freezing wraith hits you! The freezing wraith hits you.
The freezing wraith freezes you!
* * * LOW HITPOINT WARNING * * *
The freezing wraith hits you but does no damage.
A red film seems to cover your vision as you go berserk!
You feel yourself moving faster!
You feel mighty!
The freezing wraith hits you but does no damage. x2
You closely miss the freezing wraith.
The freezing wraith is heavily damaged.
The freezing wraith hits you.
* * * LOW HITPOINT WARNING * * *
The freezing wraith freezes you!!
You die...

#..... #..... #.....
#..... ##....##
##......# .......W#
###.....@# .........#
.........# .........#
##......#
#.#...###.### #####
..#.## #...###....#
....#######..#....#
..##.......###......#


You could see a freezing wraith.

Vanquished Creatures
  Nessos (D:12)
  2 two-headed ogres
  A boulder beetle (D:12)
  2 tengu warriors
  Pikel (D:5)
  3 manticores (D:12)
  Maurice (D:10)
  A cyclops (D:13)
  Joseph (D:7)
  4 molten gargoyles (D:12)
  Jeremiah (D:6)
  4 unseen horrors
  A tengu conjurer (D:13)
  4 trolls
  A merfolk (D:11)
  7 slime creatures (D:12)
  A shadow (D:12)
  4 wraiths
  2 wyverns
  A vampire (D:11)
  7 yaks (D:8)
  A basilisk (D:11)
  2 steam dragons
  11 vampire mosquitoes
  A warg (D:6)
  Edmund (D:5)
  3 water moccasins
  4 orc warriors
  3 ice beasts
  4 wolves
  4 lemures (D:5)
  10 centaurs
  An ogre (D:5)
  A kobold brigand (D:9)
  The ghost of topfpfpflanze the Magician, an amateur FeCj (D:6)
  3 gnoll sergeants
  A scorpion (D:5)
  5 wights (D:7)
  5 killer bees (D:10)
  5 electric eels
  4 howler monkeys
  A lava snake (D:12)
  3 bombardier beetles
  9 hounds
  A wyvern simulacrum (D:8)
  A gnoll bouda (D:6)
  A jelly (D:5)
  6 orc priests
  3 sleepcaps
  2 iguanas
  8 orc wizards
  Robin (D:4)
  19 gnolls
  6 adders
  A shadow imp (D:8)
  4 white imps
  2 ufetubi (D:6)
  3 dart slugs
  A ribbon worm (D:2)
  34 orcs
  8 ball pythons
  6 bats
  9 endoplasms
  2 giant cockroaches (D:4)
  12 goblins
  17 hobgoblins
  5 quokkas
  3 frilled lizards
  12 kobolds
  10 rats
310 creatures vanquished.

Vanquished Creatures (others)
  2 gnolls (D:9)
  A kobold (D:3)
3 creatures vanquished.

Grand Total: 313 creatures vanquished

Notes
Turn   | Place    | Note
-------+----------+-------------------------------------------
     0 | D:1      | Gargoyl the Gargoyle Berserker began the quest for the Orb.
     0 | D:1      | Reached XP level 1. HP: 14/14 MP: 1/1
   150 | D:1      | Reached XP level 2. HP: 18/19 MP: 2/2
   158 | D:1      | Reached skill level 3 in Axes
   509 | D:1      | Reached XP level 3. HP: 21/24 MP: 3/3
   558 | D:1      | Reached ** piety under Trog
   959 | D:2      | Found Qepon's Assorted Antiques.
  1052 | D:2      | Bought a cloak for 103 gold pieces
  1077 | D:2      | Reached XP level 4. HP: 27/29 MP: 4/4
  2084 | D:3      | Found Ziawn's Assorted Antiques.
  2092 | D:3      | Bought a helmet for 90 gold pieces
  2097 | D:3      | Bought a scroll labelled YCKOUB XESHOLAKU for 20 gold
                  | pieces
  2379 | D:3      | Found a stormy altar of Qazlal.
  2379 | D:3      | Found a basalt altar of Yredelemnul.
  2379 | D:3      | Found a blossoming altar of Fedhas.
  2431 | D:3      | Reached XP level 5. HP: 34/34 MP: 5/5
  2687 | D:3      | Found a bloodstained altar of Trog.
  2726 | D:3      | Reached skill level 4 in Axes
  2860 | D:4      | Reached skill level 1 in Stealth
  3227 | D:4      | Found Sacvysti's Antique Weapon Shoppe.
  3332 | D:4      | Found a sacrificial altar of Ru.
  3457 | D:4      | Found a shimmering blue altar of Sif Muna.
  3480 | D:4      | Reached *** piety under Trog
  3486 | D:4      | Noticed Robin
  3500 | D:4      | Killed Robin
  4001 | D:5      | Entered Level 5 of the Dungeon
  4048 | D:5      | Noticed a lemure
  4048 | D:5      | Noticed an ogre
  4048 | D:5      | Noticed a lemure
  4049 | D:5      | Noticed a lemure
  4051 | D:5      | Noticed Pikel
  4057 | D:5      | Killed an ogre
  4058 | D:5      | Reached XP level 6. HP: 22/39 MP: 6/6
  4094 | D:5      | Killed Pikel
  4095 | D:5      | Reached skill level 5 in Fighting
  4095 | D:5      | Reached skill level 5 in Axes
  4095 | D:5      | Reached XP level 7. HP: 23/44 MP: 7/7
  4234 | D:5      | Found a staircase to the Ecumenical Temple.
  4258 | D:5      | Reached skill level 6 in Axes
  4326 | D:5      | Found a hide-covered altar of Uskayaw.
  4339 | D:5      | Found a radiant altar of Vehumet.
  4476 | D:5      | Reached XP level 8. HP: 41/50 MP: 8/8
  4771 | D:5      | Noticed Edmund
  4782 | D:5      | Killed Edmund
  5147 | D:6      | Reached skill level 7 in Axes
  5147 | D:6      | Reached skill level 5 in Armour
  5389 | D:6      | Noticed Jeremiah
  5452 | D:7      | Reached XP level 9. HP: 42/55 MP: 9/9
  5495 | D:7      | Reached skill level 8 in Axes
  5625 | D:7      | Found a hazy altar of Hepliaklqana.
  5717 | D:7      | Found a glowing golden altar of the Shining One.
  5782 | D:7      | Found an ancient bone altar of Kikubaaqudgha.
  5885 | D:7      | Identified a scroll of acquirement
  5885 | D:7      | Acquired the +1 crystal plate armour of Rotation {Str+3}
  6015 | D:7      | Noticed Joseph
  6025 | D:7      | Killed Joseph
  6531 | D:6      | Found a runed translucent gate.
  6531 | D:6      | Found a runed translucent gate.
  6531 | D:6      | Found a runed translucent gate.
  6536 | D:6      | Noticed topfpfpflanze's ghost (amateur FeCj)
  6590 | D:6      | Reached skill level 9 in Axes
  6727 | D:6      | Killed Jeremiah
  6875 | D:6      | Found a sparkling altar of Nemelex Xobeh.
  7076 | D:6      | Found a roughly hewn altar of Beogh.
  7093 | D:6      | Killed topfpfpflanze's ghost
  7094 | D:6      | Reached XP level 10. HP: 63/63 MP: 10/10
  7189 | D:8      | Found a white marble altar of Elyvilon.
  7345 | D:8      | Reached skill level 10 in Axes
  8418 | D:9      | Reached skill level 11 in Axes
  8443 | D:9      | Reached **** piety under Trog
  8922 | D:10     | Entered Level 10 of the Dungeon
  8924 | D:10     | Found a staircase to the Lair.
  8937 | D:10     | Reached XP level 11. HP: 45/68 MP: 11/11
  8939 | D:10     | Noticed Maurice
  9072 | D:10     | Maurice stole 32 poisoned darts
  9079 | D:10     | Killed Maurice
  9368 | D:10     | Found a glowing silver altar of Zin.
  9370 | D:10     | Found Iskoth's Magic Scroll Shop.
  9377 | D:10     | Bought a scroll of enchant weapon for 90 gold pieces
  9387 | D:10     | Gained mutation: Your muscles are strong. (Str +4, Int/Dex
                  | -1) [potion of mutation]
  9387 | D:10     | Gained mutation: You passively dampen the noise of your
                  | surroundings. [potion of mutation]
  9387 | D:10     | Gained mutation: Your skin changes colour to match your
                  | surroundings (Stealth+). [potion of mutation]
  9387 | D:10     | Gained mutation: You possess an exceptional clarity of
                  | mind. [potion of mutation]
  9478 | D:10     | Reached skill level 12 in Axes
  9605 | D:10     | Noticed a tengu warrior
  9618 | D:10     | Killed a tengu warrior
  9991 | D:11     | Noticed a two-headed ogre
 10001 | D:11     | Killed a two-headed ogre
 10012 | D:11     | Identified the ring "Erghituth" {rN+ rCorr}
 10038 | D:11     | Found Qarch's Book Shoppe.
 10050 | D:11     | Identified the amulet of the Sheltering Traitor {Reflect
                  | rElec rC+ Str-4 Slay+3 SH+5}
 10078 | D:11     | Found a staircase to the Orcish Mines.
 10639 | D:12     | Reached skill level 13 in Axes
 10792 | D:12     | Noticed a manticore
 10793 | D:12     | Noticed a boulder beetle
 10797 | D:12     | Killed a manticore
 10813 | D:12     | Noticed Nessos
 10822 | D:12     | Reached XP level 12. HP: 10/76 MP: 12/12
 10834 | D:12     | Killed Nessos
 10835 | D:12     | Reached skill level 10 in Armour
 10893 | D:12     | Killed a boulder beetle
 11107 | D:12     | Found Feggiyna's Distillery.
 11149 | D:12     | Reached skill level 10 in Fighting
 11385 | D:12     | Reached skill level 14 in Axes
 11863 | D:13     | Noticed a two-headed ogre
 11870 | D:13     | Killed a two-headed ogre
 11989 | D:13     | Noticed a tengu warrior
 12005 | D:13     | Killed a tengu warrior
 12117 | D:13     | Slain by a freezing wraith

Illustrated notes

Levels and vault maps discovered:
D:1:      nicolae_arrival_memento_mori, layout_loops_ring
D:2:      cheibrodos_greedy_goblins, layout_basic, serial_glass,
          glass_columns_c, glass_columns_a, serial_shops,
          nicolae_shop_overgrown_old_shop
D:3:      layout_loops_cross, trog_hazing_becter,
          gammafunk_temple_overflow_forgotten, serial_shops,
          nicolae_shop_crystal
D:4:      layout_basic, mainiacjoe_overflow_concentric_impassable,
          kennysheep_mini_moat, serial_shops, nicolae_shop_trees, uniq_robin
D:5:      layout_basic, nicolae_uskayaw_dance_hall, vehumet_altar_wand_db,
          minmay_temple_entry_ruins, hangedman_abyss_or_decor_jellyfish_corner,
          chequers_serial_rivers_small_a, uniq_pikel, uniq_edmund
D:6:      layout_basic, mainiacjoe_overflow_tiny_flanked,
          biasface_ghost_orc_armoury, minmay_misc_feat_secret_circle,
          uniq_jeremiah
D:7:      layout_basic, nicolae_kikubaaqudgha_miasma_corner,
          mainiacjoe_overflow_paths, mainiacjoe_overflow_chevrons,
          mrwooster_statue_mirror, uniq_joseph
D:8:      layout_layer_cave, nicolae_elyvilon_peaceful_grove, serial_ice,
          serial_ice_g, serial_ice_d, serial_ice_f, serial_ice_h
D:9:      layout_cave_pools
D:10:     layout_basic, lemuel_crystal_altar, erik_lair_island, serial_shops,
          shop, uniq_maurice
D:11:     layout_cave_pools, orc_0_dummy, serial_shops, kennysheep_mini,
          hangedman_fish_farm
D:12:     layout_loops_cross, serial_shops, shop, minivault_8, uniq_nessos
D:13:     layout_rooms, hellmonk_vaults_attempted_burglary

Skill      XL: |  1  2  3  4  5  6  7  8  9 10 11 12 |
---------------+-------------------------------------+-----
Axes           | 3 4 5 6 7 9 11 13 14 | 14.4
Fighting       | 4 5 6 7 8 9 10 | 10.5
Dodging        | 2 3 |  3.2
Stealth        | 1 2 |  2.4
Armour         | 3 4 5 7 8 9 11 | 11.0

Action                     |  1- 3 |  4- 6 |  7- 9 | 10-12 || total
---------------------------+-------+-------+-------+-------++-------
  Melee: Hand axe          |   100 |   219 |   227 |       ||   546
         Battleaxe         |       |       |    46 |   414 ||   460
 Invoke: Berserk           |     1 |     4 |    11 |    11 ||    27
         Trog's Hand       |       |     3 |     6 |     7 ||    16
         Brothers in Arms  |       |       |       |     1 ||     1
    Use: Scroll            |     4 |     5 |     4 |    13 ||    26
         Potion            |       |     2 |     1 |     7 ||    10
   Stab: Sleeping          |     1 |     2 |       |       ||     3
         Distracted        |       |       |       |     1 ||     1
 Armour: Animal skin       |    96 |   105 |       |       ||   201
         Chain mail        |       |    69 |   273 |       ||   342
         Crystal plate arm |       |       |    56 |   789 ||   845
  Dodge: Dodged            |    80 |   134 |   125 |   297 ||   636

Table legend: (Time is in decaauts)
 A = Elapsed time spent in this place.
 B = Non-inter-level travel time spent in this place.
 C = Inter-level travel time spent in this place.
 D = Time resting spent in this place.
 E = Time spent auto-exploring this place.
 F = Levels seen in this place.
 G = Mean time per level.
                   A        B        C        D        E       F      G
               +--------+--------+--------+--------+--------+-----+--------+
         Total |  12406 |  12087 |    319 |   1149 |   8066 |  13 |  954.3 |
       Dungeon |  12406 |  12087 |    319 |   1149 |   8066 |  13 |  954.3 |
               +--------+--------+--------+--------+--------+-----+--------+

Top non-repeatable levels by time:
    D:12: 1388 daAuts
     D:2: 1247 daAuts
     D:4: 1203 daAuts
     D:8: 1184 daAuts
     D:5: 1160 daAuts
     D:7: 1158 daAuts
     D:6: 937 daAuts
    D:10: 885 daAuts
     D:3: 845 daAuts
     D:9: 810 daAuts
     D:1: 766 daAuts
    D:11: 519 daAuts
    D:13: 300 daAuts
